 Dungeon Crawl Stone Soup version 0.28-a0-1567-g1695149f81 (webtiles) character file.

Game seed: 8692129926823472469

68 southernslant the Skirmisher (level 4, -5/28 HPs)
             Began as a Gargoyle Gladiator on Jan 19, 2022.
             Slain by Sigmund (9 damage)
             ... on level 2 of the Dungeon.
             The game lasted 00:02:58 (1494 turns).

southernslant the Skirmisher (Gargoyle Gladiator)   Turns: 1494, Time: 00:02:59

Health: -5/28      AC:  7    Str: 20    XL:     4   Next: 19%
Magic:  1/1        EV: 16    Int:  8    God:
Gold:   51         SH:  0    Dex: 13    Spells: 3/3 levels left

rFire   + . .      SeeInvis .   h - +8 mace "Killer Bee's Regret" {antimagic, rF+ Dex+2}
rCold   . . .      Faith    .   (no shield)
rNeg    + . .      Spirit   .   b - +0 leather armour
rPois   ∞          Reflect  .   c - +0 helmet
rElec   +          Harm     .   (no cloak)
rCorr   .          Rampage  .   (no gloves)
Will    .....                   (no boots)
Stlth   +.........              (no amulet)
HPRegen 0.09/turn               i - +4 ring of evasion
MPRegen 0.07/turn               (no ring)

@: no status effects
A: sickness immunity, AC +3, negative energy resistance 1, electricity
resistance, torment resistance 1, petrification resistance
a: no special abilities


You were on level 2 of the Dungeon.
You visited 1 branch of the dungeon, and saw 2 of its levels.

You collected 51 gold pieces.

Inventory:

Hand Weapons
 h - the +8 mace "Killer Bee's Regret" (weapon) {antimagic, rF+ Dex+2}
   (You found it on level 2 of the Dungeon)

   It reduces the magical energy of the wielder, and disrupts the spells and
   magical abilities of those it strikes.
   Natural abilities and divine invocations are not affected.
   Dex:       It affects your dexterity (+2).
   rF:        It protects you from fire.
Missiles
 d - 3 throwing nets
 g - 16 stones (quivered)
Armour
 b - a +0 leather armour (worn)
 c - a +0 helmet (worn)
Jewellery
 a - the ring "Queh" {Drain rCorr EV+4 Int+5}
   (You found it on level 2 of the Dungeon)

   [ring of evasion]

   EV:        It affects your evasion (+4).
   Int:       It affects your intelligence (+5).
   rCorr:     It protects you from acid and corrosion.
   Drain:     It drains your maximum health when unequipped.
 i - a +4 ring of evasion (left hand)
Scrolls
 e - 2 scrolls of teleportation {unknown}
 f - a scroll of immolation {unknown}
 j - 2 scrolls of silence {unknown}


   Skills:
 * Level 3.3 Fighting
 * Level 0.8 Maces & Flails
 - Level 2.9 Polearms
 + Level 2.0 Throwing
 * Level 2.0 Armour
 + Level 2.5 Dodging


You had 3 spell levels left.
You didn't know any spells.
Your spell library contained the following spells:

 Spells                   Type           Power      Damage    Failure   Level
 Animate Skeleton         Necr           0%         N/A       45%         1
 Apportation              Tloc           0%         N/A       45%         1
 Summon Small Mammal      Summ           0%         N/A       45%         1


Dungeon Overview and Level Annotations

Branches:
Dungeon (2/15)

Altars:

Annotations:
D:2 Sigmund


Innate Abilities, Weirdness & Mutations

You are immune to sickness and miasma.
Your stone body is resilient. (AC +3)
You are immune to poison.
You resist negative energy. (rN+)
You are resistant to electric shocks. (rElec)
You are resistant to unholy torment.
You are immune to petrification.


Message History

Sigmund and a hobgoblin come into view.
Sigmund shouts!
The hobgoblin shouts!
You throw a stone. The stone misses the adder.
Sigmund points at you and mumbles some strange words.
The magic dart hits you.
You throw a stone.
The stone hits the adder but does no damage.
Sigmund says, "Look into my eyes."
Sigmund casts a spell.
Sigmund flickers and vanishes!
Deactivating autopickup; reactivate with Ctrl-A.
The adder misses you.
You see here a stone.
The adder closely misses you. The adder completely misses you.
The adder closely misses you.
You see here a +0 plate armour.
The adder completely misses you. The adder completely misses you.
The adder bites you but does no damage.
You sock the adder!
The adder is severely wounded.
The adder barely misses you. The adder bites you but does no damage.
You hit the adder.
The adder is almost dead.
The adder barely misses you.
You thump the adder!
You kill the adder!
Your Armour skill increases to level 2!
You thump the hobgoblin!
You kill the hobgoblin!
Something hits you! Something barely misses you.
You barely miss something. Something hits you!
* * * LOW HITPOINT WARNING * * *
You barely miss something. You barely miss something.
Something barely misses you.
You sock something! Something hits you.
* * * LOW HITPOINT WARNING * * *
You sock something! Something hits you!
You die...

##.# . ... .. #.# ..##.## .....#
#######..#######
...............##################
..((....[......{@................
.(..###..#####.#####.#####.......
..(.# #..#####..####.###.....####
..(.# #....)...........+.........
..### #......##.####.###......###
.. #..........# #.# #......### ..
#..........# #.# ###..#.... ..
#..........# #.# ##..##### ..
#......###.# #.# #....#


There were no monsters in sight!

Vanquished Creatures
  2 adders (D:2)
  A worm (D:2)
  4 endoplasms (D:1)
  2 giant cockroaches
  8 hobgoblins
  3 kobolds
  5 quokkas
  4 ball pythons
  3 bats
  3 frilled lizards
  4 goblins
  3 rats (D:1)
42 creatures vanquished.

Notes
Turn   | Place    | Note
-------+----------+-------------------------------------------
     0 | D:1      | southernslant the Gargoyle Gladiator began the quest for
                  | the Orb.
     0 | D:1      | Reached XP level 1. HP: 12/12 MP: 1/1
   123 | D:1      | Reached XP level 2. HP: 18/18 MP: 2/2
   166 | D:1      | Reached skill level 1 in Armour
   421 | D:1      | Reached XP level 3. HP: 15/22 MP: 3/3
   644 | D:1      | Found a faded altar of an unknown god.
  1041 | D:2      | Reached skill level 3 in Fighting
  1064 | D:2      | Identified the +8 mace "Killer Bee's Regret" {antimagic,
                  | rF+ Dex+2}
  1296 | D:2      | Identified the ring "Queh" {Drain rCorr EV+4 Int+5}
  1464 | D:2      | Reached XP level 4. HP: 28/28 MP: 1/4
  1467 | D:2      | Noticed Sigmund
  1494 | D:2      | Slain by Sigmund

Illustrated notes

Levels and vault maps discovered:
D:1:      elethiomel_arrival_shortcut, layout_rooms,
          chequers_ecumenical_altar_island
D:2:      layout_basic, serial_shops, shop_statue, minmay_tetromino_l4,
          uniq_sigmund

Skill      XL: |  1  2  3  4 |
---------------+-------------+-----
Armour         | 1 2 |  2.0
Fighting       | 3 |  3.3
Throwing       | 2 |  2.0
Maces & Flails | |  0.8
Polearms       | |  2.9
Dodging        | |  2.5

Action                   |  1- 3 |  4- 6 || total
-------------------------+-------+-------++-------
Melee: Trident           |   100 |       ||   100
       Mace              |    20 |     9 ||    29
       Punch             |     1 |       ||     1
Throw: Stone             |    18 |     2 ||    20
 Stab: Distracted        |     1 |       ||     1
Armor: Leather armour    |    40 |     2 ||    42
Dodge: Dodged            |    93 |    10 ||   103

Table legend: (Time is in decaauts)
 A = Elapsed time spent in this place.
 B = Non-inter-level travel time spent in this place.
 C = Inter-level travel time spent in this place.
 D = Time resting spent in this place.
 E = Time spent auto-exploring this place.
 F = Levels seen in this place.
 G = Mean time per level.
                   A        B        C        D        E       F      G
               +--------+--------+--------+--------+--------+-----+--------+
         Total |   1523 |   1489 |     34 |      0 |   1189 |   2 |  761.5 |
       Dungeon |   1523 |   1489 |     34 |      0 |   1189 |   2 |  761.5 |
               +--------+--------+--------+--------+--------+-----+--------+

Top non-repeatable levels by time:
     D:1: 1056 daAuts
     D:2: 467 daAuts
